 Dungeon Crawl Stone Soup version 0.28-b1-25-g9875b3fc8c (webtiles) character file.

Game seed: 14290708523261094818

273847 crazypyro the Impaler (level 19, -7/235 HPs)
             Began as a Demonspawn Fighter on Feb 1, 2022.
             Was the Champion of Makhleb.
             Mangled by Mennas (15 damage)
             ... on level 3 of the Depths.
             The game lasted 01:35:54 (35819 turns).

crazypyro the Impaler (Demonspawn Fighter)         Turns: 35819, Time: 01:35:54

Health: -7/235     AC: 32    Str: 26    XL:     19   Next: 51%
Magic:  0/31       EV: 14    Int: 12    God:    Makhleb [******]
Gold:   1624       SH: 18    Dex: 15    Spells: 18/18 levels left

rFire   + . .      SeeInvis .   q - +11 trident "Ox" {speed, Fly rC+}
rCold   + + .      Faith    .   C - +1 tower shield
rNeg    + . .      Spirit   +   W - +8 chain mail {rF+}
rPois   +          Reflect  .   (helmet unavailable)
rElec   +          Harm     .   T - +1 cloak of Starlight {*Dazzle EV+4 Stlth--}
rCorr   .          Rampage  .   X - +0 pair of gloves of Going Fast {rElec rPois Regen+}
Will    +....                   j - +2 pair of boots {Stlth+}
Stlth   ..........              Q - amulet of regeneration
HPRegen 2.09/turn               p - +4 ring of slaying
MPRegen 0.44/turn               b - ring of positive energy

@: berserking, flying, glowing, silenced, very quick
A: horns 3, icy blue scales 3, ignite blood 2, magic shield, magic regeneration,
magic link, black mark, bedeviling, agile 1, clever 1, sense surroundings 1,
strong 1
}: 2/15 runes: decaying, gossamer
a: Renounce Religion


You were on level 3 of the Depths.
You worshipped Makhleb.
Makhleb was exalted by your worship.
You visited 7 branches of the dungeon, and saw 35 of its levels.
You also visited: Sewer and Ice Cave.

You collected 4135 gold pieces.
You spent 2511 gold pieces at shops.

Inventory:

Hand Weapons
 q - the +11 trident "Ox" (weapon) {speed, Fly rC+}
   (You found it on level 5 of the Dungeon)

   Attacks with this weapon are significantly faster.
   rC:        It protects you from cold.
   Fly:       It grants you flight.
Missiles
 Y - 3 throwing nets (quivered)
Armour
 j - a +2 pair of boots of stealth (worn)
 v - a scarf of resistance
 C - a +1 tower shield (worn)
 T - the +1 cloak of Starlight (worn) {*Dazzle EV+4 Stlth--}
   (You bought it in a shop on level 2 of the Depths)

   It may blind those who miss an attack against the wearer in melee combat.
   EV:        It affects your evasion (+4).
   Stlth:     It makes you much less stealthy.
 U - a +0 kite shield of cold resistance
 W - a +8 chain mail of fire resistance (worn)
 X - the +0 pair of gloves of Going Fast (worn) {rElec rPois Regen+}
   (You bought it in a shop on level 2 of the Orcish Mines)

   rElec:     It insulates you from electricity.
   rPois:     It protects you from poison.
   Regen:     It increases your rate of health regeneration.
Jewellery
 b - a ring of positive energy (right hand)
 c - a +6 ring of dexterity
 k - a ring of protection from fire
 n - a ring of positive energy
 p - a +4 ring of slaying (left hand)
 s - a ring of fire
 t - a ring of protection from fire
 E - a ring of poison resistance
 H - a +6 ring of dexterity
 I - a +6 ring of dexterity
 K - a ring of flight
 N - the ring of the Republic {Fly rCorr}
   (You bought it in a shop on level 1 of the Depths)

   [ring of flight]

   Fly:       It grants you flight.
   rCorr:     It protects you from acid and corrosion.
 Q - an amulet of regeneration (around neck)
 R - a +6 ring of intelligence
Wands
 i - a wand of flame (114)
 r - a wand of iceblast (28)
 y - a wand of acid (24)
 A - a wand of mindburst (13)
 B - a wand of charming (3)
 F - a wand of paralysis (11)
 L - a wand of polymorph (7)
Scrolls
 g - 5 scrolls of fear
 l - 2 scrolls of fog
 m - 16 scrolls of teleportation
 o - 6 scrolls of enchant weapon
 u - 7 scrolls of amnesia
Potions
 a - 3 potions of brilliance
 d - 3 potions of might
 e - 5 potions of cancellation
 f - 4 potions of haste
 h - 15 potions of curing
 x - 5 potions of ambrosia
 J - 2 potions of magic
 M - a potion of resistance
 O - 3 potions of invisibility
 P - 2 potions of heal wounds
 S - 3 potions of mutation


   Skills:
 + Level 15.6 Fighting
 - Level 11.0(16.1) Axes
 * Level 18.7(19.7) Polearms
 - Level 12.1 Armour
 - Level 8.1 Dodging
 - Level 11.8 Shields
 - Level 17.4 Invocations
 + Level 2.8 Evocations


You had 18 spell levels left.
You didn't know any spells.
Your spell library contained the following spells:

 Spells                   Type           Power      Damage    Failure   Level
 Apportation              Tloc           0%         N/A       100%        1
 Beastly Appendage        Tmut           0%         N/A       100%        1
 Foxfire                  Conj/Fire      0%         2x1d4     100%        1
 Freeze                   Ice            0%         1d3       100%        1
 Magic Dart               Conj           0%         1d3       100%        1
 Sandblast                Erth           0%         2d4       100%        1
 Shock                    Conj/Air       0%         1d3       100%        1
 Summon Small Mammal      Summ           0%         N/A       100%        1
 Call Imp                 Summ           0%         N/A       100%        2
 Corpse Rot               Necr/Air       0%         N/A       100%        2
 Passwall                 Tmut/Erth      0%         N/A       100%        2
 Poisonous Vapours        Pois/Air       0%         N/A       100%        2
 Sublimation of Blood     Necr           0%         N/A       100%        2
 Wereblood                Tmut           0%         N/A       100%        2
 Call Canine Familiar     Summ           0%         N/A       100%        3
 Conjure Flame            Conj/Fire      0%         6-21      100%        3
 Dazzling Flash           Conj/Hex       0%         N/A       100%        3
 Frozen Ramparts          Ice            0%         1d2       100%        3
 Gell's Gravitas          Tloc           0%         N/A       100%        3
 Inner Flame              Hex/Fire       0%         N/A       100%        3
 Mephitic Cloud           Conj/Pois/Air  0%         N/A       100%        3
 Portal Projectile        Hex/Tloc       0%         N/A       100%        3
 Spider Form              Tmut/Pois      0%         N/A       100%        3
 Stone Arrow              Conj/Erth      0%         3d7       100%        3
 Swiftness                Air            0%         N/A       100%        3
 Teleport Other           Tloc           0%         N/A       100%        3
 Airstrike                Air            0%         N/A       100%        4
 Animate Armour           Summ/Erth      0%         N/A       100%        4
 Cause Fear               Hex            0%         N/A       100%        4
 Flame Wave               Conj/Fire      0%         2d4       100%        4
 Hailstorm                Conj/Ice       0%         3d3       100%        4
 Ice Form                 Ice/Tmut       0%         N/A       100%        4
 Iskenderun's Mystic Bla  Conj/Tloc      0%         2d3       100%        4
 Leda's Liquefaction      Hex/Erth       0%         N/A       100%        4
 Summon Lightning Spire   Summ/Air       0%         N/A       100%        4
 Alistair's Intoxication  Tmut/Pois      0%         N/A       100%        5
 Blade Hands              Tmut           0%         N/A       100%        5
 Borgnjor's Vile Clutch   Necr/Erth      0%         N/A       100%        5
 Freezing Cloud           Conj/Ice/Air   0%         6-21      100%        5
 Conjure Ball Lightning   Conj/Air       0%         3x3d6     100%        6
 Dispersal                Tloc           0%         N/A       100%        6
 Eringya's Noxious Bog    Tmut/Pois      0%         N/A       100%        6
 Iron Shot                Conj/Erth      0%         9d1       100%        6
 Simulacrum               Ice/Necr       0%         N/A       100%        6
 Starburst                Conj/Fire      0%         6d3       100%        6
 Dragon Form              Tmut           0%         N/A       100%        7
 Storm Form               Tmut/Air       0%         N/A       100%        7
 Summon Hydra             Summ           0%         N/A       100%        7
 Discord                  Hex            0%         N/A       100%        8
 Disjunction              Tloc           0%         N/A       100%        8
 Ignition                 Fire           0%         3d3       100%        8
 Maxwell's Capacitive Co  Air            0%         ∞         100%        8
 Chain Lightning          Conj/Air       0%         N/A       100%        9
 Dragon's Call            Summ           0%         N/A       100%        9
 Fire Storm               Conj/Fire      0%         5d1       100%        9
 Shatter                  Erth           0%         3d5*      100%        9


Dungeon Overview and Level Annotations

Branches:
Dungeon (15/15)            Temple (1/1) D:5            Lair (6/6) D:9
  Swamp (4/4) Lair:2       Spider (4/4) Lair:2        Slime (0/5) Lair:6
    Orc (2/2) D:11            Elf (0/3) Orc:2        Vaults (0/5) D:14
 Depths (3/4) D:15          Sewer (visited)           IceCv (visited)

Altars:
Ashenzari
Dithmenos
Elyvilon
Fedhas
Gozag
Makhleb
Nemelex Xobeh
Qazlal
Ru
Sif Muna
Trog
Uskayaw
Vehumet
Xom
Yredelemnul
The Shining One
Beogh
Jiyva
Lugonu

Shops:
D:10 !   D:13 ?[   D:14 ([   D:15 *   Orc:2 ([*!   Depths:1 =:=   Depths:2 [

Portals:
Hell: Depths:1 Depths:2 Depths:3
Pandemonium: Depths:2
Ziggurat: Depths:1
Trove: D:13 (lose all piety)

Annotations:
D:2 1 runed translucent door, Crazy Yiuf
Lair:5 1 runed translucent door, belegose's ghost, journeyman DsCA
Spider:2 Roxanne
Depths:3 Mennas


Innate Abilities, Weirdness & Mutations

You have a pair of large horns on your head.
You are completely covered in icy blue scales. (AC +4, rC+)
Your demonic aura often causes spilled blood to erupt in flames.
When hurt, damage is shared between your health and your magic reserves.
You regenerate magic rapidly.
When low on magic, you restore magic in place of health.
Your melee attacks may debilitate your foes.
Your hexes are more powerful.
You are agile. (Dex +2)
Your mind is acute. (Int +2)
You passively map a small area around you.
Your muscles are strong. (Str +2)


Message History

You convulse.
The juggernaut hits you!!!
* * * LOW HITPOINT WARNING * * *
The juggernaut hits you!!
* * * LOW HITPOINT WARNING * * *
A red film seems to cover your vision as you go berserk!
You feel yourself moving faster!
You feel mighty!
You feel less confused.
Mennas is engulfed in blazing flames.
Mennas hits you but does no damage. You block Mennas's attack.
Mennas is engulfed in blazing flames.
You block Mennas's attack. Mennas barely misses you.
Unknown command.
You completely miss Mennas.
Mennas is lightly wounded.
Mennas blocks your attack.
Your headbutt misses Mennas.
Mennas is lightly wounded.
Mennas hits you with a +4 eudemon blade of holy wrath.
* * * LOW HITPOINT WARNING * * *
You convulse.
* * * LOW HITPOINT WARNING * * *
Mennas completely misses you. Mennas blocks your attack.
Your headbutt misses Mennas.
Mennas is lightly wounded.
Mennas closely misses you. Mennas hits you but does no damage.
Mennas blocks your attack.
Mennas is lightly wounded.
Mennas hits you with a +4 eudemon blade of holy wrath!
* * * LOW HITPOINT WARNING * * *
You convulse!
* * * LOW HITPOINT WARNING * * *
You block Mennas's attack. Mennas blocks your attack.
Mennas is lightly wounded.
The juggernaut is engulfed in blazing flames.
You block the juggernaut's attack. The juggernaut hits you!
* * * LOW HITPOINT WARNING * * *
Unknown command.
Mennas blocks your attack.
Mennas is lightly wounded.
Mennas hits you with a +4 eudemon blade of holy wrath!!
You die...

#.#.......#.#.##?#.#
##.#!# ,,
#.#.......#..##..#.#
##..#
#.#.......#..(#..#.#
#...# ,
,#.......#####..#.#
,##### ,,
#............###)###,
,
##+#######...#.....#
** ##..##...## ,
#####.☼○##.## * *
#>^.?..@A### *
........○C.# ,
##.#######...#* * ,
#, #..# * #'# ** ...
, , , , ..., , ,* ,..
, ,


You could see a juggernaut and Mennas (silencing).

Vanquished Creatures
  A juggernaut (Depths:3)
  Bai Suzhen (Spider:2)
  2 caustic shrikes (Depths:2)
  the Enchantress (Depths:1)
  Arachne (Spider:1)
  2 tentacled monstrosities (Depths:2)
  2 walking crystal tomes (Depths:2)
  Mlioglotl (Spider:2)
  Asterion (Spider:3)
  Gastronok (D:8)
  A sphinx (Depths:1)
  2 tengu reavers (Depths:2)
  Kirke (D:15)
  Agnes (Spider:4)
  7 frost giants
  5 fire giants
  A fenstrider witch (Swamp:1)
  The ghost of Kefanin the Geomancer, an adept GrEE of Vehumet (D:15)
  2 emperor scorpions (Spider:4)
  A balrug (Depths:3)
  4 ghost moths
  8 stone giants
  5 spriggan defenders
  5 broodmothers
  4 vampire knights (Depths:2)
  5 eleionomae
  4 entropy weavers (Spider:1)
  A white draconian (IceCv)
  6 spark wasps
  3 bunyips
  7 fire dragons
  4 ettins
  A merfolk impaler (Depths:1)
  5 great orbs of eyes
  2 shambling mangroves
  Erolcha (D:12)
  4 boulder beetles
  A vault guard (D:13)
  6 rakshasas
  5 ice dragons
  3 catoblepae (Lair:6)
  A radroach (Spider:4)
  5 two-headed ogres
  15 hydras
  A spriggan air mage (Depths:2)
  7 centaur warriors
  2 deep troll shamans
  7 alligators
  6 tengu warriors
  9 death yaks (Lair:6)
  4 deep troll earth magi (Depths:2)
  2 vampire magi (Depths:2)
  6 spriggan berserkers
  A sun demon (Depths:3)
  Sonja (D:12)
  An iron troll (Depths:2)
  2 pharaoh ants
  3 goliath frogs
  A sea snake (shapeshifter) (Depths:2)
  3 steelbarb worms
  3 glowing orange brains
  2 sun moths
  5 orb spiders
  2 flayed ghosts (Depths:2)
  2 spriggan druids
  2 bog bodies (Lair:2)
  6 deep trolls (Depths:2)
  3 wizards
  4 orc knights
  2 lindwurms (Lair:2)
  5 swamp dragons
  4 spectral wolf spiders (Spider:2)
  5 wolf spider zombies
  2 orc sorcerers
  A necromancer (D:15)
  2 deep elf pyromancers
  19 wolf spiders
  6 manticores
  6 elephants
  2 will-o-the-wisps
  4 cyclopes
  19 ugly things
  An elephant (shapeshifter) (Depths:3)
  6 black mambas
  7 moths of wrath
  A water nymph (shapeshifter) (D:15)
  2 ice statues (IceCv)
  4 torpor snails
  A smoke demon (Depths:3)
  2 unseen horrors
  8 cane toads
  A hellion (Depths:2)
  4 centaur skeletons (D:10)
  4 rime drakes (IceCv)
  6 komodo dragons
  A kobold demonologist (D:11)
  2 demonic crawlers
  A freezing wraith (D:11)
  2 hellwings (D:10)
  A yaktaur (D:14)
  An ice devil (Depths:2)
  A tengu conjurer (Depths:2)
  A harpy zombie (D:10)
  2 trolls
  12 meliai
  Grinder (D:5)
  15 tarantellas
  A bloated husk (Swamp:2)
  A polar bear (Lair:5)
  4 wolf spider simulacra (Spider:2)
  9 tyrant leeches
  A slime creature (shapeshifter) (D:15)
  11 hornets
  12 blink frogs
  9 slime creatures
  24 jumping spiders
  Sigmund (D:2)
  A vampire (D:10)
  9 spriggans
  2 shadows (D:12)
  A ynoxinul (Depths:2)
  7 water elementals
  11 culicivoras
  3 hogs (D:15)
  A wyvern (Lair:4)
  54 yaks
  A wraith (D:14)
  3 basilisks
  2 chaos spawn (Depths:2)
  5 steam dragons
  41 redbacks
  Menkaure (D:5)
  3 wargs
  22 vampire mosquitoes
  17 swamp worms
  4 acid dragons
  Edmund (D:4)
  Duvessa (D:4)
  2 floating eyes
  12 water moccasins
  5 swamp drakes
  Pargi (D:4)
  33 orc warriors
  4 necrophages (Swamp:4)
  10 ogres
  23 centaurs
  2 phantoms
  15 wolves (Lair:1)
  Blork the orc (D:4)
  4 kobold brigands
  3 gnoll sergeants
  10 bullfrogs
  3 scorpions
  Dowan (D:4)
  7 killer bees (D:8)
  3 wights (D:8)
  6 lindwurm simulacra (IceCv)
  5 howler monkeys (D:11)
  5 electric eels
  5 centaur zombies
  7 orc priests
  A bullfrog zombie (D:6)
  7 komodo dragon simulacra (IceCv)
  6 jellies
  2 gnoll shamans
  Ijyb (D:5)
  7 hell rats (Lair:6)
  An iguana (D:5)
  19 orc wizards
  A hound zombie (D:5)
  A howler monkey zombie (D:10)
  4 acid dragon simulacra (IceCv)
  9 adders
  22 gnolls
  A river rat (D:4)
  3 shadow imps (D:10)
  15 white imps
  4 steam dragon simulacra (IceCv)
  An ufetubus (D:6)
  An adder skeleton (D:4)
  4 dart slugs
  88 orcs
  8 endoplasms
  7 giant cockroaches
  10 goblins
  6 hobgoblins
  7 jackals
  4 quokkas
  12 ball pythons
  6 bats
  A frilled lizard (D:1)
  8 kobolds
  6 rats
  A butterfly (Lair:4)
  4 starspawn tentacles (Spider:2)
1097 creatures vanquished.

Vanquished Creatures (collateral kills)
  A thorn hunter (Swamp:4)
  A fenstrider witch (Swamp:4)
  An orc warlord (Orc:1)
  A ghoul (Swamp:4)
  A broodmother (Spider:4)
  Nessos (D:13)
  An entropy weaver (Spider:4)
  A bunyip (Swamp:2)
  A yaktaur captain (D:14)
  2 spriggan air magi
  2 boulder beetles
  2 hydras (Swamp:4)
  2 alligators (Swamp:4)
  A death scarab (Spider:4)
  A spriggan berserker (Depths:1)
  A hell knight (D:15)
  3 pharaoh ants
  2 goliath frogs (Swamp:4)
  4 orb spiders
  5 swamp dragons (Swamp:4)
  4 steelbarb worms (Spider:1)
  A wizard (D:14)
  An ugly thing (D:15)
  A moth of wrath (Spider:1)
  An elephant (Lair:5)
  A torpor snail (Spider:4)
  2 rime drakes (Swamp:4)
  A yaktaur (D:14)
  3 hornets (Swamp:2)
  7 meliai
  6 tarantellas
  2 blink frogs (Lair:5)
  9 culicivoras
  5 jumping spiders
  6 spriggans
  3 basilisks
  11 redbacks
  3 vampire mosquitoes (Swamp:4)
  A warg (Orc:2)
  4 swamp worms
  4 swamp drakes
  A water moccasin (Lair:5)
  7 orc warriors (Orc:2)
  2 ogres (Orc:2)
  A bullfrog (Lair:5)
  An orc wizard (Orc:2)
  5 orcs (Orc:2)
127 creatures vanquished.

Vanquished Creatures (others)
  A great orb of eyes (Depths:2)
  A deep troll shaman (Depths:2)
  A goliath frog (Swamp:4)
  A rime drake (Swamp:4)
  3 bloated husks
  A swamp drake (Swamp:4)
  10 foxfires
  16 fungi
  49 plants
  5 starspawn tentacles (Spider:2)
  9 toadstools (D:8)
  A withered plant (D:10)
98 creatures vanquished.

Grand Total: 1322 creatures vanquished

Notes
Turn   | Place    | Note
-------+----------+-------------------------------------------
     0 | D:1      | crazypyro the Demonspawn Fighter began the quest for the
                  | Orb.
     0 | D:1      | Reached XP level 1. HP: 18/18 MP: 1/1
   142 | D:1      | Gained mutation: Your demonic aura sometimes causes spilled
                  | blood to erupt in flames. [demonic ancestry]
   142 | D:1      | Reached XP level 2. HP: 24/24 MP: 2/2
   997 | D:2      | Reached XP level 3. HP: 29/29 MP: 3/3
  1404 | D:2      | Gained mutation: Your muscles are strong. (Str +2) [potion
                  | of mutation]
  1404 | D:2      | Gained mutation: You passively map a small area around you.
                  | [potion of mutation]
  1404 | D:2      | Gained mutation: You have hidden genetic potential. [potion
                  | of mutation]
  1558 | D:2      | Gained mutation: You regenerate magic rapidly. [demonic
                  | ancestry]
  1558 | D:2      | Reached XP level 4. HP: 27/35 MP: 4/4
  1676 | D:2      | Found a runed translucent door.
  1677 | D:2      | Noticed Crazy Yiuf
  1714 | D:2      | Noticed Sigmund
  2154 | D:3      | Gained mutation: You have a pair of small antennae on your
                  | head. [hidden potential]
  2303 | D:3      | Reached skill level 1 in Dodging
  2618 | D:2      | Killed Sigmund
  2619 | D:2      | Gained mutation: You are partially covered in icy blue
                  | scales. (AC +2) [demonic ancestry]
  2619 | D:2      | Reached XP level 5. HP: 28/41 MP: 5/5
  2619 | D:2      | Lost mutation: You have a pair of small antennae on your
                  | head. [demonic ancestry]
  2619 | D:2      | Gained mutation: You have a pair of small horns on your
                  | head. [demonic ancestry]
  2619 | D:2      | Reached XP level 6. HP: 32/47 MP: 6/6
  2647 | D:2      | Gained mutation: You have great hidden genetic potential.
                  | [hidden potential]
  2647 | D:2      | Lost mutation: You have great hidden genetic potential.
                  | [hidden potential expressed]
  3204 | D:4      | Noticed Edmund
  3214 | D:4      | Killed Edmund
  3215 | D:4      | Reached skill level 5 in Axes
  3451 | D:4      | Gained mutation: When hurt, damage is shared between your
                  | health and your magic reserves. [demonic ancestry]
  3451 | D:4      | Reached XP level 7. HP: 48/52 MP: 7/7
  3459 | D:4      | Gained mutation: You are agile. (Dex +2) [hidden potential]
  3472 | D:4      | Noticed Blork the orc
  3473 | D:4      | Noticed Pargi
  3476 | D:4      | Killed Blork the orc
  3486 | D:4      | Killed Pargi
  3523 | D:4      | Noticed Duvessa
  3525 | D:4      | Noticed Dowan
  3533 | D:4      | Killed Duvessa
  3856 | D:4      | Found a glowing drain.
  3860 | Sewer    | Entered a sewer
  4235 | D:4      | Killed Dowan
  4658 | D:5      | Entered Level 5 of the Dungeon
  4671 | D:5      | Gained mutation: When low on magic, you restore magic in
                  | place of health. [demonic ancestry]
  4671 | D:5      | Reached XP level 8. HP: 42/58 MP: 5/8
  4787 | D:5      | Gained mutation: Your mind is acute. (Int +2) [hidden
                  | potential]
  4787 | D:5      | Lost mutation: You have hidden genetic potential. [hidden
                  | potential expressed]
  5190 | D:5      | Identified the +11 trident "Ox" {speed, Fly rC+}
  5339 | D:5      | Found a staircase to the Ecumenical Temple.
  5340 | D:5      | Noticed Menkaure
  5345 | D:5      | Killed Menkaure
  5351 | Temple   | Entered the Ecumenical Temple
  5389 | Temple   | Became a worshipper of Makhleb the Destroyer
  5589 | D:5      | Noticed Grinder
  5590 | D:5      | Noticed Ijyb
  5594 | D:5      | Killed Ijyb
  5597 | D:5      | Paralysed by Grinder for 4 turns
  5604 | D:5      | Killed Grinder
  5605 | D:5      | Reached skill level 10 in Axes
  5757 | D:6      | Gained mutation: You have a pair of horns on your head.
                  | [demonic ancestry]
  5757 | D:6      | Reached XP level 9. HP: 63/63 MP: 9/9
  6742 | D:7      | Reached * piety under Makhleb
  7367 | D:7      | Reached skill level 5 in Armour
  7600 | D:8      | Noticed Gastronok
  7626 | D:8      | Killed Gastronok
  7627 | D:8      | Reached skill level 5 in Fighting
  7627 | D:8      | Gained mutation: You have a pair of large horns on your
                  | head. [demonic ancestry]
  7627 | D:8      | Reached XP level 10. HP: 31/74 MP: 4/10
  7930 | D:8      | Noticed a manticore
  7934 | D:8      | Killed a manticore
  8234 | D:8      | Reached skill level 5 in Shields
  8427 | D:8      | You are sucked into a shaft and drop 2 floors!
  8427 | D:10     | Entered Level 10 of the Dungeon
  8443 | D:10     | Reached ** piety under Makhleb
  8549 | D:10     | Reached skill level 1 in Polearms
  8549 | D:10     | Reached skill level 5 in Dodging
  8577 | D:10     | Reached skill level 2 in Polearms
  8600 | D:10     | Reached skill level 3 in Polearms
  8600 | D:10     | Gained mutation: You are mostly covered in icy blue scales.
                  | (AC +3) [demonic ancestry]
  8600 | D:10     | Reached XP level 11. HP: 79/81 MP: 11/11
  8679 | D:10     | Found a blossoming altar of Fedhas.
  8794 | D:10     | Found a sacrificial altar of Ru.
  8891 | D:10     | Paralysed by a hornet for 3 turns
  8966 | D:10     | Reached skill level 4 in Polearms
  9159 | D:10     | Noticed a deep elf pyromancer
  9167 | D:10     | Killed a deep elf pyromancer
  9258 | D:10     | Found Nuosseso's Distillery.
  9585 | D:11     | Found a staircase to the Orcish Mines.
  9592 | D:11     | Reached *** piety under Makhleb
  9844 | D:11     | Reached skill level 5 in Polearms
 10146 | D:11     | Noticed an eight-headed hydra
 10151 | D:11     | Killed an eight-headed hydra
 10152 | D:11     | Reached skill level 6 in Polearms
 10573 | D:11     | Reached skill level 7 in Polearms
 10702 | D:12     | Noticed Erolcha
 10716 | D:12     | Killed Erolcha
 10787 | D:12     | Noticed Sonja
 10791 | D:12     | Killed Sonja
 10792 | D:12     | Reached skill level 8 in Polearms
 10904 | D:12     | Reached XP level 12. HP: 41/89 MP: 9/12
 11324 | D:12     | HP: 2/89 [titanic slime creature (21)]
 11897 | D:9      | Reached skill level 9 in Polearms
 12198 | D:9      | Noticed a two-headed ogre
 12204 | D:9      | Killed a two-headed ogre
 12224 | D:9      | Found a staircase to the Lair.
 12341 | D:9      | Noticed a two-headed ogre
 12348 | D:9      | Killed a two-headed ogre
 12427 | D:9      | Reached **** piety under Makhleb
 13155 | Lair:1   | Entered Level 1 of the Lair of Beasts
 13173 | Lair:1   | Reached skill level 10 in Polearms
 13583 | Lair:1   | Noticed a seven-headed hydra
 13592 | Lair:1   | Killed a seven-headed hydra
 13592 | Lair:1   | Reached ***** piety under Makhleb
 13593 | Lair:1   | Reached skill level 11 in Polearms
 15239 | Lair:2   | Reached skill level 1 in Invocations
 15239 | Lair:2   | Gained mutation: You are completely covered in icy blue
                  | scales. (AC +4, rC+) [demonic ancestry]
 15239 | Lair:2   | Reached XP level 13. HP: 94/101 MP: 10/13
 15390 | Lair:2   | Reached skill level 12 in Polearms
 15556 | Lair:2   | Found a hole to the Spider Nest.
 15764 | Lair:2   | Found a staircase to the Swamp.
 17162 | Lair:4   | Reached skill level 5 in Invocations
 17184 | Lair:4   | Found a frozen archway.
 17226 | IceCv    | Entered an ice cave
 17615 | IceCv    | Got the Handbook of Burning Snow
 17784 | IceCv    | Noticed a white draconian
 17797 | IceCv    | Killed a white draconian
 17798 | IceCv    | Reached skill level 10 in Fighting
 17803 | IceCv    | Reached skill level 13 in Polearms
 18710 | Lair:5   | Reached ****** piety under Makhleb
 18791 | Lair:5   | Found a runed translucent door.
 18801 | Lair:5   | Noticed belegose's ghost (journeyman DsCA)
 19024 | Lair:5   | Gained mutation: Your demonic aura often causes spilled
                  | blood to erupt in flames. [demonic ancestry]
 19024 | Lair:5   | Reached XP level 14. HP: 111/111 MP: 19/19
 19298 | Lair:6   | Entered Level 6 of the Lair of Beasts
 19715 | Lair:6   | Found a viscous altar of Jiyva.
 19717 | Lair:6   | Found a staircase to the Slime Pits.
 20020 | Lair:6   | Reached skill level 10 in Invocations
 20138 | Lair:6   | Identified the +9 great mace "Esaikul" {vorpal, rF+ rN+}
 20568 | Orc:1    | Entered Level 1 of the Orcish Mines
 20569 | Orc:1    | Noticed an orc warlord
 20849 | Orc:1    | Killed an orc warlord
 20923 | Orc:1    | You are sucked into a shaft and drop 1 floor!
 20923 | Orc:2    | Entered Level 2 of the Orcish Mines
 21283 | Orc:2    | Found a staircase to the Elven Halls.
 21482 | Orc:2    | Found Keoqenk's Antique Armour Emporium.
 21482 | Orc:2    | Found Udorphukh's General Store.
 21484 | Orc:2    | Found Dobluwir's Distillery.
 21486 | Orc:2    | Found Ylumi's Weapon Shoppe.
 21490 | Orc:2    | Bought a pair of jewelled gloves for 361 gold pieces
 21490 | Orc:2    | Identified the +0 pair of gloves of Going Fast {rElec rPois
                  | Regen+} (You bought it in a shop on level 2 of the Orcish
                  | Mines)
 21511 | Orc:2    | Bought a potion of curing for 33 gold pieces
 21511 | Orc:2    | Bought a potion of curing for 33 gold pieces
 21511 | Orc:2    | Bought a potion of heal wounds for 55 gold pieces
 21511 | Orc:2    | Bought a potion of curing for 33 gold pieces
 21737 | Orc:2    | Found a radiant altar of Vehumet.
 21959 | Orc:1    | Found a shimmering blue altar of Sif Muna.
 21976 | Orc:1    | Got Sif Muna's Disquisition on the Escort
 22286 | D:13     | Noticed Nessos
 22415 | D:12     | Found a shadowy altar of Dithmenos.
 22812 | D:13     | Killed Nessos
 22914 | D:13     | Found Neul's Magic Scroll Emporium.
 22930 | D:13     | Bought 2 scrolls of blinking for 225 gold pieces
 22999 | D:13     | Found Zeykiyj's Armour Emporium.
 23220 | D:13     | Found a portal to a secret trove of treasure.
 23362 | D:14     | Gained mutation: Your hexes are more powerful. [demonic
                  | ancestry]
 23362 | D:14     | Reached XP level 15. HP: 120/120 MP: 24/24
 23393 | D:14     | Found Giskoa's Weapon Shop.
 23466 | D:14     | Found a gate to the Vaults.
 23669 | D:14     | Found Ejettyj's Antique Armour Shop.
 24059 | D:14     | Found a radiant altar of Vehumet.
 24062 | D:14     | Found a blossoming altar of Fedhas.
 24064 | D:14     | Found a sparkling altar of Nemelex Xobeh.
 24064 | D:14     | Found a shimmering altar of Xom.
 24064 | D:14     | Found a radiant altar of Vehumet.
 24111 | D:15     | Entered Level 15 of the Dungeon
 24339 | D:15     | Found a staircase to the Depths.
 24341 | D:15     | Found Ceati's Overcharged Wands.
 24640 | D:15     | Found a runed translucent door.
 24644 | D:15     | Noticed Kefanin's ghost (adept GrEE)
 24689 | D:15     | Killed Kefanin's ghost
 24888 | D:15     | Noticed Kirke
 24901 | D:15     | Killed Kirke
 25200 | Swamp:1  | Entered Level 1 of the Swamp
 25232 | Swamp:1  | Identified the +5 hunting sling "Molurchea" {speed, rN++
                  | MP-9}
 25561 | Swamp:1  | Noticed a fenstrider witch
 25566 | Swamp:1  | Killed a fenstrider witch
 25874 | Swamp:2  | Paralysed by a hornet for 3 turns
 26077 | Swamp:2  | Gained mutation: Your melee attacks may debilitate your
                  | foes. [demonic ancestry]
 26077 | Swamp:2  | Reached XP level 16. HP: 127/127 MP: 25/25
 26136 | Swamp:2  | Reached skill level 10 in Armour
 26695 | Swamp:3  | Reached skill level 14 in Polearms
 26996 | Swamp:4  | Entered Level 4 of the Swamp
 27050 | Swamp:4  | Noticed a thorn hunter
 27069 | Swamp:4  | Killed a thorn hunter
 27274 | Swamp:3  | Reached skill level 10 in Shields
 27436 | Swamp:4  | HP: 1/129 [swamp worm (14)]
 27621 | Swamp:4  | Got a decaying rune of Zot
 28091 | Depths:1 | Entered Level 1 of the Depths
 28130 | Depths:1 | Found a gateway to Hell.
 28296 | Depths:1 | Reached skill level 15 in Polearms
 28385 | Depths:1 | Found a corrupted altar of Lugonu.
 28403 | Depths:1 | Found Ufag's Jewellery Boutique.
 28403 | Depths:1 | Found Uxig's Book Shoppe.
 28404 | Depths:1 | Found Igo Liysch's Jewellery Boutique.
 28410 | Depths:1 | Bought the ring of the Republic {Fly rCorr} for 331 gold
                  | pieces
 28465 | Depths:1 | Noticed a sphinx
 28476 | Depths:1 | Killed a sphinx
 28694 | Depths:1 | Found a one-way gateway to a ziggurat.
 29116 | Spider:1 | Entered Level 1 of the Spider Nest
 29184 | Spider:1 | Reached XP level 17. HP: 137/137 MP: 27/27
 30097 | Spider:2 | Noticed Arachne
 30186 | Spider:1 | Killed Arachne
 30250 | Spider:2 | Reached skill level 16 in Polearms
 30258 | Spider:2 | Identified Roxanne's Almanac of the Endless Ziggurats
 30258 | Spider:2 | Noticed Roxanne
 30423 | Spider:2 | Noticed Mlioglotl
 30458 | Spider:2 | Noticed a bone dragon
 30459 | Spider:2 | Killed Mlioglotl
 30860 | Spider:3 | Noticed Asterion
 30874 | Spider:3 | Killed Asterion
 30896 | Spider:3 | Noticed Bai Suzhen
 31134 | Spider:2 | Killed Bai Suzhen
 31502 | Spider:4 | Entered Level 4 of the Spider Nest
 31735 | Spider:4 | Reached XP level 18. HP: 70/146 MP: 28/28
 31822 | Spider:4 | Noticed Agnes
 31833 | Spider:4 | Killed Agnes
 32285 | Spider:4 | Reached skill level 17 in Polearms
 32307 | Spider:4 | Got a gossamer rune of Zot
 33043 | Depths:2 | Noticed the Enchantress
 33113 | Depths:1 | Killed the Enchantress
 33167 | Depths:1 | Reached skill level 15 in Invocations
 33312 | Depths:2 | Paralysed by a floating eye for 2 turns
 33404 | Depths:2 | Paralysed by a vampire knight for 2 turns
 33493 | Depths:2 | Noticed a tentacled monstrosity
 33525 | Depths:2 | Killed a tentacled monstrosity
 33973 | Depths:2 | Found Kyecekou's Antique Armour Shoppe.
 33981 | Depths:2 | Bought the +1 cloak of Starlight {*Dazzle EV+4 Stlth--} for
                  | 1098 gold pieces
 33981 | Depths:2 | Found the +1 cloak of Starlight {*Dazzle EV+4 Stlth--}
 33981 | Depths:2 | Bought a twisted chain mail for 342 gold pieces
 33981 | Depths:2 | Identified the +0 chain mail "Siasev" {rF+ Dex+2} (You
                  | bought it in a shop on level 2 of the Depths)
 34021 | Depths:2 | Found a one-way gate leading to the halls of Pandemonium.
 34098 | Depths:2 | Found an opulent altar of Gozag.
 34449 | Depths:2 | Reached skill level 15 in Fighting
 34604 | Depths:2 | Noticed a caustic shrike
 34605 | Depths:2 | Noticed a caustic shrike
 34613 | Depths:2 | Noticed a walking crystal tome
 34619 | Depths:2 | Killed a caustic shrike
 34623 | Depths:2 | Killed a caustic shrike
 34624 | Depths:2 | Reached skill level 18 in Polearms
 34624 | Depths:2 | Reached XP level 19. HP: 155/155 MP: 31/31
 34774 | Depths:2 | Paralysed by something for 5 turns
 35137 | Depths:3 | Reached skill level 1 in Evocations
 35202 | Depths:3 | Noticed a juggernaut
 35223 | Depths:3 | Killed a juggernaut
 35802 | Depths:3 | Noticed a juggernaut
 35804 | Depths:3 | Noticed Mennas
 35818 | Depths:3 | HP: 8/235 [juggernaut (8)]
 35819 | Depths:3 | Mangled by Mennas

Illustrated notes

Levels and vault maps discovered:
D:1:      saegor_arrival_simple_b, layout_loops_ring, eino_curves_04,
          minmay_misc_feat_enclosed, amcnicky_mini_corridor_feature,
          grunt_decor_mini_mirrors, minmay_bisected
D:2:      layout_rooms, chequers_serial_rivers_large_b, moated_statue,
          minmay_splitting_lines, minmay_between, uniq_sigmund,
          uniq_crazy_yiuf_cottage
D:3:      layout_basic, grunt_ministairs_7
D:4:      layout_cave_pools, gup_sewer_entry_bowl, uniq_edmund,
          uniq_blork_the_orc, uniq_duvessa, uniq_pargi
D:5:      layout_loops_cross, temple_green, serial_glass, glass_columns_a,
          glass_columns_c, uniq_ijyb, uniq_menkaure, uniq_grinder
D:6:      layout_basic, mainiacjoe_overflow_chevrons, minmay_misc_feat_roman
D:7:      layout_gridville, mainiacjoe_overflow_paths, kennysheep_generic_room_2
D:8:      cheibrodos_fertilizer, layout_gridville, uniq_gastronok
D:9:      layout_loops_cross, lair_entry_dummy, minivault_19
D:10:     cheibrodos_grave_circle, layout_loops_ring, nicolae_ru_awakened_eye,
          fedhas_altar_1, serial_shops, nicolae_shop_competitors_out_of_business
D:11:     layout_irregular_city, erik_orc_3, abandoned_shop,
          nicolae_tso_swordbearing_angel
D:12:     layout_gridville, grunt_dithmenos_shadows, uniq_erolcha, uniq_sonja
D:13:     layout_big_octagon, serial_glass, glass_columns_c, glass_columns_b,
          enter_trove_5, serial_shops, shop_coins, nicolae_shop_waterfront,
          minmay_misc_feat_diagonals, uniq_nessos
D:14:     layout_loops_cross, david_vaults_2, serial_shops,
          nicolae_diamond_shop, nicolae_shop_bloodbath_and_beyond,
          doesnt_xom_only_xom, nicolae_elyvilon_temple_path
D:15:     hangedman_depths_entry_civil_slaughter, layout_irregular_city,
          hellmonk_ghost_happy_afterlife, nicolae_shop_overcharged_wands,
          uniq_kirke
Temple:   regret_index_temple_mists
Lair:1:   statuecave_lemuel, layout_regular_city, serial_bayou,
          serial_bayou_crossing, serial_bayou_lake_a, serial_bayou_pond_c,
          serial_bayou_pond_e
Lair:2:   layout_roguey, nicolae_swamp_entry_splash_gauntlet,
          spider_nest_entry_a, nicolae_lair_lindhole, grunt_megastairs_4,
          serial_bayou_shore_b, infiniplex_staircase_pool_2
Lair:3:   layout_layer_cave
Lair:4:   layout_big_grid, portal_ice_cave_entry_imps, lemuel_fruit_fields
Lair:5:   layout_regular_city, ebering_ghost_inner_flame, patterned_corridor
Lair:6:   evilmike_catoblepas_cave, layout_loops_ring, slime_altar_1
Swamp:1:  layout_basic_swamp, infiniplex_staircase_pool
Swamp:2:  nicolae_swamp_ascending_descending_big, layout_falls_marsh,
          nicolae_swamp_decorative_isthmus
Swamp:3:  layout_basic_swamp, nicolae_swamp_fairy_circle, swamp_pool2
Swamp:4:  swamp_alternative, layout_basic_swamp, nicolae_swamp_catching_bugs
Spider:1: nicolae_spider_mines_1, hangedman_spider_tarantella_strand
Spider:2: layout_spider_delve, nicolae_spider_undead_wolf_pack, uniq_roxanne,
          uniq_mlioglotl, uniq_arachne
Spider:3: layout_spider_delve, uniq_bai_suzhen, uniq_asterion
Spider:4: hellmonk_spider_rune_endless_swarm, uniq_agnes
Orc:1:    layout_diamond_mine, nicolae_orc_sculptors_studio, led_sif_book
Orc:2:    st_orc_rangers, layout_caves, hangedman_feature_mirror
Depths:1: layout_cave_pools, enter_ziggurat_b, minmay_misc_feat_square,
          hell_entry, hangedman_abyss_or_decor_slice, tgw_lugonu_bribe,
          serial_bayou_shore_b, minmay_shop_grove
Depths:2: nzn_winding_woodlands_huge [nzn_winding_woodlands_5x15_sawtooth,
          nzn_winding_woodlands_5x15_cabin, nzn_winding_woodlands_5x15_twine,
          nzn_winding_woodlands_5x15_concentric,
          nzn_winding_woodlands_5x15_garden, nzn_winding_woodlands_5x15_parted,
          nzn_winding_woodlands_5x15_split_checker,
          nzn_winding_woodlands_5x15_pockets, nzn_winding_woodlands_5x15_eye,
          nzn_winding_woodlands_5x15_river_crossing,
          nzn_winding_woodlands_center_diamonds,
          nzn_winding_woodlands_center_triple_pond,
          nzn_winding_woodlands_15x15_killbox], layout_gridlike,
          rand_demon_pan_entry_3, nicolae_gozag_seed_capital, serial_shops,
          shop, hell_entry, uniq_enchantress
Depths:3: minmay_inside_and_out, layout_gridlike, lightli_too_deep, abyss_entry,
          nicolae_lava_and_water, uniq_mennas

Skill      XL: |  1  2  3  4  5  6  7  8  9 10 11 12 13 14 15 16 17 18 19 |
---------------+----------------------------------------------------------+-----
Axes           | 2 3 4 5 7 10 11 | 11.0
Armour         | 3 4 5 6 7 9 10 12 | 12.1
Dodging        | 1 2 4 5 6 8 |  8.1
Shields        | 4 5 6 9 10 11 | 11.8
Fighting       | 5 6 9 10 12 13 14 15 | 15.6
Polearms       | 3 8 11 13 15 16 18 | 18.7
Invocations    | 1 7 13 14 16 17 | 17.4
Evocations     | 2 |  2.8

Action                   |  1- 3 |  4- 6 |  7- 9 | 10-12 | 13-15 | 16-18 | 19-21 || total
-------------------------+-------+-------+-------+-------+-------+-------+-------++-------
Melee: War axe           |    91 |   119 |    37 |       |       |       |       ||   247
       Headbutt          |       |    11 |    27 |   129 |   273 |   393 |    77 ||   910
       Hand axe          |       |       |    56 |       |       |       |       ||    56
       Unarmed           |       |       |     7 |       |       |       |       ||     7
       Trident           |       |       |   148 |   610 |  1169 |  1670 |   283 ||  3880
Throw: Throwing net      |       |       |       |       |       |     1 |       ||     1
Invok: Lesser Servant of |       |       |       |       |     3 |     2 |       ||     5
       Greater Servant o |       |       |       |       |     8 |    21 |       ||    29
       Major Destruction |       |       |       |       |       |     4 |       ||     4
  Use: Scroll            |     3 |       |     4 |    12 |    13 |    14 |       ||    46
       Potion            |     2 |     1 |     3 |       |     3 |    15 |     1 ||    25
 Stab: Distracted        |       |       |       |     1 |     3 |     7 |       ||    11
       Confused          |       |       |       |       |     1 |       |       ||     1
       Invisible         |       |       |       |       |       |       |     1 ||     1
Armor: Scale mail        |    54 |    55 |    55 |   144 |   120 |       |       ||   428
       Chain mail        |       |       |       |       |   201 |   796 |    68 ||  1065
       Acid dragon scale |       |       |       |       |       |    56 |       ||    56
Dodge: Dodged            |    45 |    69 |    67 |   122 |   232 |   470 |    42 ||  1047
Block: Buckler           |    20 |    33 |    35 |    31 |       |       |       ||   119
       Tower shield      |       |       |       |   179 |   679 |  1245 |    83 ||  2186
